 Dungeon Crawl Stone Soup version 0.29.0-7-g18a832c13a (webtiles) character file.

Game seed: 1474047924161161011

30 Tirrikindir the Trooper (level 3, -1/26 HPs)
             Began as an Octopode Fighter on Aug 30, 2022.
             Slain by a hobgoblin (6 damage)
             ... on level 2 of the Dungeon.
             The game lasted 00:01:45 (784 turns).

Tirrikindir the Trooper (Octopode Fighter)           Turns: 784, Time: 00:01:45

Health: -1/26      AC:  1    Str: 15    XL:     3   Next: 20%
Magic:  3/3        EV: 13    Int: 10    God:
Gold:   80         SH:  4    Dex: 13    Spells: 2/2 levels left

rFire   . . .      SeeInvis .   j - +0 scimitar
rCold   . . .      Faith    .   b - +0 buckler
rNeg    . . .      Spirit   .   (helmet restricted)
rPois   .          Reflect  .   (no amulet)
rElec   .          Harm     .   (no ring)
rCorr   .          Rampage  .   (no ring)
Will    .....                   (no ring)
Stlth   +++.......              (no ring)
HPRegen 0.08/turn               (no ring)
MPRegen 0.08/turn               (no ring)
                                (no ring)
                                (no ring)

@: no status effects
A: almost no armour, amphibious, 8 rings, camouflage 1, gelatinous body 1,
(nimble swimmer 1), tentacles
a: no special abilities


You were on level 2 of the Dungeon.
You visited 1 branch of the dungeon, and saw 2 of its levels.

You collected 80 gold pieces.

Inventory:

Hand Weapons
 j - a +0 scimitar (weapon)
Armour
 b - a +0 buckler (worn)
Scrolls
 e - a scroll of noise {unknown}
 f - a scroll of identify {unknown}
 i - a scroll of magic mapping {unknown}
Potions
 c - a potion of might
 d - 2 potions of cancellation {unknown}
 g - a potion of lignification {unknown}


   Skills:
 + Level 3.2 Fighting
 * Level 2.6 Long Blades
 + Level 3.1 Dodging
 + Level 1.3 Stealth
 + Level 3.2 Shields


You had 2 spell levels left.
You didn't know any spells.
Your spell library was empty.

Dungeon Overview and Level Annotations

Branches:
Dungeon (2/15)

Altars:

Annotations:
D:2 Robin


Innate Abilities, Weirdness & Mutations

You cannot wear most types of armour.
You are amphibious.
You can wear up to eight rings at the same time.
Your skin changes colour to match your surroundings (Stealth+).
Your rubbery body absorbs attacks. (AC +1, EV +1)
((You are camouflaged when in or above water. (Stealth+)))
You have tentacles for arms and can constrict up to eight enemies at once.


Message History

You block the frilled lizard's attack.
You hit the frilled lizard.
You kill the frilled lizard!
You hit the hobgoblin. You grab the hobgoblin.
The hobgoblin is almost dead.
You constrict the hobgoblin, but do no damage.
You block the hobgoblin's attack.
You hit the hobgoblin.
You kill the hobgoblin!
The hobgoblin barely misses you.
You hit the hobgoblin but do no damage. Your grab misses the hobgoblin.
The hobgoblin closely misses you. The goblin hits you with a +0 club.
You completely miss the goblin. You grab the goblin. You constrict the goblin.
The hobgoblin hits you. Robin throws the goblin at you!
The goblin hits you with a +0 club. The hobgoblin misses you.
The goblin closely misses you. x2
You barely miss the hobgoblin. Your grab misses the hobgoblin.
You constrict the goblin.
You kill the goblin!
You block the goblin's attack. You block the hobgoblin's attack.
You hit the hobgoblin. Your grab misses the hobgoblin.
You squeeze the hobgoblin.
The hobgoblin is heavily wounded.
The goblin barely misses you. The hobgoblin closely misses you.
The goblin hits you with a +0 club.
You closely miss the goblin. You grab the goblin. You constrict the goblin.
The goblin hits you but does no damage. The hobgoblin hits you.
The goblin barely misses you.
You barely miss the hobgoblin. You grab the hobgoblin.
The hobgoblin is heavily wounded.
You constrict the goblin.
You kill the goblin!
You constrict the hobgoblin, but do no damage.
The hobgoblin barely misses you.
Robin roars a battlecry!
The goblins go into a battle-frenzy!
The goblin hits you with a +0 club.
* * * LOW HITPOINT WARNING * * *
The hobgoblin hits you.
You die...

# ...g... .###
.gg.... ...#
g......
#..###lg.....
#.#.........
#..†#.......
###.########
#....#####
#(...gg@g#
#########.##g#
#.......#<...# #
#.#####.#....#.#
#.#...#....†)..#
#.#.#.###.#))..#
#.#.....#.#....#
#.#....<#.#....#
#.#....##.#....#


You could see Robin, 2 hobgoblins and a goblin (strong).

Vanquished Creatures
  2 bats
  2 endoplasms
  6 goblins (D:2)
  6 hobgoblins
  3 jackals (D:1)
  3 kobolds (D:1)
  2 frilled lizards (D:2)
  4 rats
28 creatures vanquished.

Notes
Turn   | Place    | Note
-------+----------+-------------------------------------------
     0 | D:1      | Tirrikindir the Octopode Fighter began the quest for the
                  | Orb.
     0 | D:1      | Reached XP level 1. HP: 16/16 MP: 1/1
   192 | D:1      | Reached XP level 2. HP: 21/21 MP: 2/2
   677 | D:2      | Reached skill level 1 in Stealth
   715 | D:2      | Reached XP level 3. HP: 21/26 MP: 3/3
   763 | D:2      | Noticed Robin
   784 | D:2      | Slain by a hobgoblin

Illustrated notes

Levels and vault maps discovered:
D:1:      arrival_zaba_pyramid, layout_basic, serial_curves, eino_curves_03,
          eino_curves_03
D:2:      layout_basic, uniq_robin

Skill      XL: |  1  2 |
---------------+-------+-----
Stealth        | 1 |  1.3
Fighting       | |  3.2
Long Blades    | |  2.6
Dodging        | |  3.1
Shields        | |  3.2

Action                   || total
-------------------------++-------
Melee: Long sword        ||    24
       Constrict         ||    12
       Scimitar          ||    20
       Tentacles         ||     5
Throw: Dart              ||     2
 Stab: Sleeping          ||     2
Armor: Skin              ||     3
Dodge: Dodged            ||    31
Block: Buckler           ||    10
